[Event "Titled Tuesday Blitz January 31 Early 2023"]
[White "Sai Han Thiha"]
[Black "Bilych, Olexiy"]
[WhiteFideId "13012290"]
[BlackFideId "14156504"]
[WhiteElo "2070"]
[BlackElo "2441"]
[Result "0-1"]
[Round "01"]
[TimeControl "180+2"]
[Date "2023.01.31"]
[WhiteClock "0:00:01"]
[BlackClock "0:00:26"]

1. d4 Nf6 2. c4 e6 3. Nf3 d5 4. Nc3 Bb4 5. Qa4+ Nc6 6. cxd5 exd5 7. Bg5 h6 8. Bxf6 Qxf6 9. e3 Be6 10. a3 Bxc3+ 11. bxc3 O-O 12. Be2 Ne7 13. O-O c6 14. Qb3 Rab8 15. c4 Rfe8 16. a4 dxc4 17. Bxc4 Bxc4 18. Qxc4 Nd5 19. a5 a6 20. Ne5 Nc7 21. Nd7 Qg5 22. Nxb8 Rxb8 23. Qe2 Nb5 24. Rfc1 Re8 25. Qf3 g6 26. g3 h5 27. Rc5 Qe7 28. h4 Qd6 29. Qf4 Qd7 30. Kg2 Nd6 31. Re5 Rd8 32. e4 Nc4 33. d5 Nxe5 34. Qxe5 cxd5 35. Rd1 d4 36. f4 d3 37. f5 d2 38. f6 Qc6 39. Kh2 Re8 40. Qc3 Qxc3 41. Rxd2 Qxd2+ 0-1


[Site "https://www.chess.com"]

[Event "Titled Tuesday Blitz January 31 Early 2023"]
[White "Lotfizadeh, Mehdi"]
[Black "Costachi, Mihnea"]
[WhiteFideId "42513618"]
[BlackFideId "1217518"]
[WhiteElo "1529"]
[BlackElo "2476"]
[Result "0-1"]
[Round "01"]
[TimeControl "180+2"]
[Date "2023.01.31"]
[WhiteClock "0:00:45"]
[BlackClock "0:00:19"]

1. Nf3 Nf6 2. c4 g6 3. Nc3 Bg7 4. d4 O-O 5. Bg5 d6 6. e3 c5 7. Be2 Nc6 8. d5 Na5 9. Nd2 a6 10. O-O h6 11. Bh4 Rb8 12. a4 e6 13. e4 exd5 14. cxd5 Re8 15. Re1 Qc7 16. Bg3 c4 17. f4 Qb6+ 18. Bf2 Qxb2 19. Bd4 Nxd5 20. Bxg7 Nxc3 21. Bxc3 Qxc3 22. Kh1 b5 23. axb5 axb5 24. e5 d5 25. Nf3 Nb3 26. Ra7 d4 27. Nh4 d3 28. Bf3 d2 29. Rf1 Qd4 30. f5 Qxa7 31. e6 g5 32. exf7+ Qxf7 33. Bh5 Qd7 34. f6 Rf8 35. f7+ Kg7 36. Qf3 Qd4 37. Nf5+ Bxf5 38. Qxf5 Rb6 39. Bd1 Rf6 40. Qxf6+ Qxf6 0-1


[Site "https://www.chess.com"]

[Event "Titled Tuesday Blitz January 31 Early 2023"]
[White "Gjestemoen-VonHirsch, Andre"]
[Black "Corrales Jimenez, Fidel"]
[WhiteFideId "1539531"]
[BlackFideId "3506690"]
[WhiteElo "2314"]
[BlackElo "2489"]
[Result "0-1"]
[Round "01"]
[TimeControl "180+2"]
[Date "2023.01.31"]
[WhiteClock "0:00:20"]
[BlackClock "0:01:27"]

1. b3 c5 2. Bb2 Nc6 3. e3 d5 4. Nf3 Nf6 5. d4 cxd4 6. exd4 g6 7. Be2 Bg7 8. Nbd2 O-O 9. h3 b6 10. O-O Bb7 11. Re1 Rc8 12. a3 e6 13. Rc1 Qd6 14. c4 Rfd8 15. Rc2 dxc4 16. Nxc4 Qf8 17. Qa1 Nd5 18. Bf1 b5 19. Ncd2 a6 20. Rec1 Nce7 21. Ne4 Nf4 22. Rxc8 Nxc8 23. Ned2 Nb6 24. g3 Nfd5 25. Bg2 Rc8 26. Ne4 Rxc1+ 27. Qxc1 Qd8 28. Nc5 Bc8 29. Qd2 Ne7 30. Ne1 Nf5 31. Nc2 Nd5 32. Nb4 Nxb4 33. Qxb4 Nxd4 34. Bb7 Bxb7 35. Nxb7 Ne2+ 36. Kf1 Qd1+ 37. Qe1 Nxg3+ 38. fxg3 Qf3+ 39. Qf2 Qxb7 40. Bxg7 Kxg7 41. h4 Qd5 42. Qe3 e5 43. Ke2 a5 0-1


[Site "https://www.chess.com"]

[Event "Titled Tuesday Blitz January 31 Early 2023"]
[White "Sokolovsky, Yahli"]
[Black "Galvan, Jesus"]
[WhiteFideId "2820242"]
[BlackFideId "3800458"]
[WhiteElo "2461"]
[BlackElo "2074"]
[Result "1-0"]
[Round "01"]
[TimeControl "180+2"]
[Date "2023.01.31"]
[WhiteClock "0:00:34"]
[BlackClock "0:00:01"]

1. b3 e5 2. Bb2 Nc6 3. e3 Nf6 4. Nf3 Bd6 5. d4 exd4 6. exd4 O-O 7. Be2 Re8 8. O-O Bf8 9. d5 Nxd5 10. Qxd5 Rxe2 11. Ng5 Qe7 12. Qd3 Qxg5 13. Qxe2 d5 14. Nd2 Bf5 15. Nf3 Qh6 16. c4 dxc4 17. Qxc4 Bd6 18. Rfe1 Be6 19. Qh4 Qg6 20. Ne5 Nxe5 21. Bxe5 Bd5 22. Qg3 Qxg3 23. Bxg3 Bb4 24. Re2 c6 25. a3 Bc5 26. b4 Bd4 27. Rae1 f6 28. Re8+ Rxe8 29. Rxe8+ Kf7 30. Rc8 Kg6 31. Rc7 b5 32. Bd6 f5 33. Rc8 Kh6 34. Bf4+ Kg6 35. Be3 Bxe3 36. fxe3 Kf6 37. Rc7 h5 38. Rxa7 g6 39. h4 Ke5 40. g3 Ke4 41. Kf2 Ke5 42. Rg7 Kf6 43. Rd7 Ke5 44. Rc7 Kf6 45. Ra7 Ke5 46. Ra6 Ke4 47. Ra8 Ke5 48. Ra7 Kf6 49. Ra5 Ke5 50. a4 bxa4 51. Rxa4 Bc4 52. Ra8 1-0


[Site "https://www.chess.com"]

[Event "Titled Tuesday Blitz January 31 Early 2023"]
[White "Tarasova, Viktoriya"]
[Black "Khoroshev, Nikita"]
[WhiteFideId "4175840"]
[BlackFideId "14200287"]
[WhiteElo "2226"]
[BlackElo "2336"]
[Result "0-1"]
[Round "01"]
[TimeControl "180+2"]
[Date "2023.01.31"]
[WhiteClock "0:01:10"]
[BlackClock "0:01:26"]

1. d4 Nf6 2. c4 g6 3. Nc3 Bg7 4. e4 d6 5. h3 O-O 6. Be3 Na6 7. g4 e5 8. d5 Nc5 9. Qc2 a5 10. Be2 Ne8 11. O-O-O b6 12. f3 f5 13. gxf5 gxf5 14. h4 Kh8 15. h5 f4 16. Bf2 Bf6 17. Nh3 Bxh3 18. Rxh3 Rg8 19. Rg1 Rxg1+ 20. Bxg1 Bh4 21. Bf1 Qg5 22. Bf2 Bxf2 23. Qxf2 Nf6 24. h6 Rg8 25. Kd1 Qg1 26. Ke1 Nd3+ 0-1


[Site "https://www.chess.com"]

[Event "Titled Tuesday Blitz January 31 Early 2023"]
[White "Melikhov, Evgeny V."]
[Black "Papasimakopoulos, Alexandros"]
[WhiteFideId "4122046"]
[BlackFideId "4244125"]
[WhiteElo "2269"]
[BlackElo "2401"]
[Result "0-1"]
[Round "01"]
[TimeControl "180+2"]
[Date "2023.01.31"]
[WhiteClock "0:00:03"]
[BlackClock "0:00:34"]

1. d4 e6 2. c4 Nf6 3. Nc3 Bb4 4. Qc2 c5 5. dxc5 Bxc5 6. Nf3 Qb6 7. e3 Be7 8. b3 a6 9. Bb2 d6 10. Be2 Nbd7 11. g4 h6 12. Rg1 Ne5 13. Nxe5 dxe5 14. h4 Nd7 15. g5 hxg5 16. hxg5 Nc5 17. g6 f5 18. O-O-O Bd7 19. Rh1 O-O-O 20. Rh7 Rxh7 21. gxh7 Rh8 22. Rh1 Be8 23. Nd5 exd5 24. Qxf5+ Qe6 25. Qxe6+ Nxe6 26. cxd5 Ng5 27. Bxe5 Bf6 28. Bxf6 gxf6 29. f4 Rxh7 30. Rg1 Nf7 31. Rg8 Nd6 32. e4 Re7 33. Bg4+ Kc7 34. e5 fxe5 35. fxe5 Rxe5 36. Be6 Bc6 37. Rg7+ Kb6 38. dxc6 Rxe6 39. cxb7 Nxb7 40. Kb2 Nc5 41. b4 Re2+ 42. Kc3 Ne6 43. Rg6 Kb5 44. Kd3 Nf4+ 0-1


[Site "https://www.chess.com"]

[Event "Titled Tuesday Blitz January 31 Early 2023"]
[White "Kosteniuk, Alexandra"]
[Black "Kejna, Piotr"]
[WhiteFideId "4128125"]
[BlackFideId "21821704"]
[WhiteElo "2535"]
[BlackElo "2027"]
[Result "1-0"]
[Round "01"]
[TimeControl "180+2"]
[Date "2023.01.31"]
[WhiteClock "0:00:24"]
[BlackClock "0:00:06"]

1. e4 c5 2. c3 d5 3. exd5 Qxd5 4. d4 Nc6 5. Nf3 Bf5 6. Be3 O-O-O 7. Nbd2 cxd4 8. cxd4 e6 9. Bc4 Qa5 10. O-O Nf6 11. a3 Nd5 12. Rc1 Kb8 13. Qb3 Qb6 14. Qa2 Bd6 15. Bxd5 exd5 16. b4 f6 17. Rfe1 g5 18. Nb3 h5 19. Nc5 h4 20. Nd2 g4 21. Ndb3 g3 22. h3 Rhg8 23. Kh1 Rg7 24. f3 Rdg8 25. Re2 Bxh3 26. gxh3 g2+ 27. Kg1 Qc7 28. f4 Bxf4 29. Bxf4 Qxf4 30. Ne6 Qf3 31. Nxg7 Rxg7 32. Rxg2 Qe3+ 33. Qf2 Rxg2+ 34. Kxg2 Qxb3 35. Re1 Qxa3 36. b5 Ne7 37. Qf4+ Kc8 38. Rc1+ Kd8 39. Qb8+ Kd7 40. Qxb7+ Ke6 41. Re1+ Kf7 42. Qc7 Qb2+ 43. Kh1 Qb4 44. Re2 Qb1+ 45. Kg2 Qb4 46. Qxa7 Qd6 47. Qxe7+ Qxe7 48. Rxe7+ Kxe7 49. Kf3 Kd6 50. Kf4 Kc7 51. Kf5 Kb6 52. Kxf6 Kxb5 53. Ke6 Kc6 54. Ke5 Kc7 55. Kxd5 Kd7 56. Ke5 Ke7 57. Kf5 Kd6 58. Kg4 Kd5 59. Kxh4 Kxd4 60. Kg5 Ke5 61. h4 Ke6 62. Kg6 Ke7 63. Kg7 Ke6 64. h5 1-0


[Site "https://www.chess.com"]

[Event "Titled Tuesday Blitz January 31 Early 2023"]
[White "Real_OceanStorm"]
[Black "Vasques, Antonio Pedro Freixial"]
[BlackFideId "1908332"]
[WhiteElo "2720"]
[BlackElo "2214"]
[Result "1-0"]
[Round "01"]
[TimeControl "180+2"]
[Date "2023.01.31"]
[WhiteClock "0:00:26"]
[BlackClock "0:00:10"]

1. Nf3 Nf6 2. d4 e6 3. c4 Bb4+ 4. Nc3 O-O 5. Bd2 d5 6. e3 a6 7. a3 Bxc3 8. Bxc3 Ne4 9. Be2 Nd7 10. O-O Nxc3 11. bxc3 dxc4 12. Bxc4 b5 13. Bd3 Bb7 14. a4 Rb8 15. axb5 axb5 16. Rb1 c6 17. Qc2 h6 18. Nd2 Qe7 19. Rfc1 Rfc8 20. Rd1 Ba8 21. h3 c5 22. Bxb5 cxd4 23. exd4 Qg5 24. Bf1 Rxb1 25. Rxb1 Nf6 26. Qd3 Nd5 27. Ne4 Qg6 28. Rb3 Nf4 29. Qa6 Rd8 30. Ng3 h5 31. Qa5 h4 32. Qxd8+ Kh7 33. Qxh4+ 1-0


[Site "https://www.chess.com"]

[Event "Titled Tuesday Blitz January 31 Early 2023"]
[White "Mindlin, Alon"]
[Black "Gressmann, Moritz"]
[WhiteFideId "2800071"]
[BlackFideId "24695084"]
[WhiteElo "2435"]
[BlackElo "2129"]
[Result "1/2-1/2"]
[Round "01"]
[TimeControl "180+2"]
[Date "2023.01.31"]
[WhiteClock "0:01:13"]
[BlackClock "0:00:46"]

1. d4 d5 2. c4 e6 3. Nc3 Nf6 4. Nf3 Bb4 5. e3 O-O 6. Bd3 c5 7. O-O cxd4 8. exd4 Nc6 9. Bg5 h6 10. Bxf6 Qxf6 11. cxd5 Bxc3 12. dxc6 Ba5 13. Ne5 bxc6 14. Qh5 Bb6 15. Nxc6 Bb7 16. Be4 Rac8 17. Rac1 Bxc6 18. Bxc6 Bxd4 19. b4 Rfd8 20. b5 Bb6 21. Qe2 Rd6 22. Rfd1 Rcd8 23. Rxd6 Rxd6 24. g3 Qd8 25. Rc2 Rd1+ 26. Kg2 Qd3 27. Qxd3 Rxd3 28. Be4 Rd8 29. g4 g6 30. h3 Kg7 31. Kg3 g5 32. Bf3 Rd4 33. Kg2 Rb4 34. Bc6 Rf4 35. Re2 Kf6 36. f3 Rb4 37. Kg3 Rd4 38. h4 Ba5 39. hxg5+ hxg5 40. a3 Rd2 41. Kf2 Bb6+ 42. Ke1 Rxe2+ 43. Kxe2 Ke5 44. Be8 f5 45. Bd7 fxg4 46. fxg4 Kd6 47. Bc8 Kc5 48. a4 Kb4 49. Bxe6 Kxa4 50. Bd7 Kb4 51. Kd3 Kc5 52. Ke4 Kd6 53. Bc6 Ba5 54. Kf5 Bd2 55. Kf6 Bf4 56. Kf7 Kc7 57. Ke7 Kb6 58. Kd7 Be3 59. Ke6 Bf4 60. Kd5 Bc1 61. Ke4 Bf4 62. Kd3 Bc1 63. Kc2 Bf4 64. Kc3 Bg3 65. Kd3 Bf4 66. Be8 1/2-1/2


[Site "https://www.chess.com"]

[Event "Titled Tuesday Blitz January 31 Early 2023"]
[White "Babikov, Ivan"]
[Black "Aradhya, Garg"]
[WhiteFideId "4161106"]
[BlackFideId "25006746"]
[WhiteElo "2239"]
[BlackElo "2284"]
[Result "0-1"]
[Round "01"]
[TimeControl "180+2"]
[Date "2023.01.31"]
[WhiteClock "0:00:03"]
[BlackClock "0:00:16"]

1. d4 d5 2. c4 c6 3. Nc3 Nf6 4. Nf3 dxc4 5. a4 Bf5 6. e3 e6 7. Bxc4 Bb4 8. O-O O-O 9. Ne5 Nbd7 10. Nxd7 Qxd7 11. Bd3 e5 12. Bxf5 Qxf5 13. dxe5 Qxe5 14. Qb3 a5 15. Bd2 Rad8 16. Rfd1 Rd7 17. Be1 Bd6 18. g3 Rfd8 19. Ne2 Qh5 20. Nf4 Bxf4 21. Rxd7 Rxd7 22. exf4 h6 23. Qc3 Rd5 24. Qb3 Qh3 25. Qf3 h5 26. Bc3 Qf5 27. Re1 Rd3 28. Qe2 Rd8 29. Qe7 Rd7 30. Qe5 Qxe5 31. Rxe5 Rd5 32. Rxd5 Nxd5 33. Bxa5 f5 34. Kg2 Kf7 35. Kf3 Ke6 36. Bc3 g6 37. Be5 Nb6 38. b3 Kd5 39. Bc7 Nd7 40. Ke3 Nc5 41. Kd2 Nxb3+ 42. Kc3 Nc5 43. a5 Ne4+ 44. Kd3 Nxf2+ 45. Ke2 Ne4 46. Bb6 c5 47. Kd3 c4+ 48. Kc2 Kc6 49. Bd8 Kb5 50. Bc7 Nc5 51. Kc3 Nb3 52. Bd8 Nxa5 53. Kd4 Nc6+ 54. Kd5 c3 55. Bf6 c2 56. Bb2 Kb4 57. Ke6 Kb3 58. Bc1 Nb4 59. Kf6 Nd3 60. Be3 Kc4 61. Kxg6 b5 0-1


[Site "https://www.chess.com"]

[Event "Titled Tuesday Blitz January 31 Early 2023"]
[White "Oglaza, Oskar"]
[Black "Nazari, Arad"]
[WhiteFideId "1194402"]
[BlackFideId "12577324"]
[WhiteElo "2304"]
[BlackElo "2367"]
[Result "1-0"]
[Round "01"]
[TimeControl "180+2"]
[Date "2023.01.31"]
[WhiteClock "0:00:15"]
[BlackClock "0:00:06"]

1. e4 c5 2. Nf3 d6 3. d4 cxd4 4. Nxd4 Nf6 5. Nc3 a6 6. h3 e5 7. Nde2 h5 8. Bg5 Be6 9. Qd3 Nbd7 10. O-O-O Be7 11. Bxf6 Nxf6 12. Ng3 g6 13. Kb1 Rc8 14. Nd5 Nxd5 15. exd5 Bd7 16. f3 Qa5 17. Ne4 f5 18. Nf2 Qc5 19. Rd2 Bg5 20. Qe2 Bb5 21. Nd3 Bxd2 22. Qxd2 Qxd5 23. Qg5 Qe6 24. g4 hxg4 25. fxg4 fxg4 26. Bg2 Bxd3 27. cxd3 Qf5 28. Qe3 gxh3 29. Rxh3 Ke7 30. Rf3 Qg4 31. Qb6 Rhd8 32. Qxb7+ Qd7 33. Qe4 Rh8 34. Qxg6 Kd8 35. Rf7 1-0


[Site "https://www.chess.com"]

[Event "Titled Tuesday Blitz January 31 Early 2023"]
[White "Ansh M Shah"]
[Black "Nouri, Alekhine"]
[WhiteFideId "25033379"]
[BlackFideId "5216184"]
[WhiteElo "2171"]
[BlackElo "2257"]
[Result "0-1"]
[Round "01"]
[TimeControl "180+2"]
[Date "2023.01.31"]
[WhiteClock "0:00:23"]
[BlackClock "0:01:39"]

1. d4 Nf6 2. c4 c5 3. d5 b5 4. cxb5 a6 5. e3 e6 6. Nc3 axb5 7. dxe6 fxe6 8. Bxb5 Ba6 9. Nf3 Bxb5 10. Nxb5 d5 11. O-O Be7 12. b3 O-O 13. Bb2 Qb6 14. a4 Nbd7 15. h3 Ne4 16. Nd2 Ndf6 17. Nxe4 Nxe4 18. Qg4 Rf7 19. Rad1 Raf8 20. f3 h5 21. Qxh5 Ng3 22. Qg6 Nxf1 23. Rxf1 Bf6 24. Bxf6 Rxf6 25. Qg5 Kh7 26. Kh1 Rg6 27. Qh5+ Rh6 28. Qg5 Rf5 29. Qe7 Rg6 30. Nd6 Rfg5 31. Rg1 Qxb3 32. Nf7 Rh5 33. f4 Qxe3 34. Ng5+ Rgxg5 35. fxg5 Rxh3+ 36. gxh3 Qxh3# 0-1


[Site "https://www.chess.com"]

[Event "Titled Tuesday Blitz January 31 Early 2023"]
[White "Mahdavi, Reza"]
[Black "Kirillov, Dmitry"]
[WhiteFideId "12595926"]
[BlackFideId "34180572"]
[WhiteElo "2339"]
[BlackElo "2179"]
[Result "1-0"]
[Round "01"]
[TimeControl "180+2"]
[Date "2023.01.31"]
[WhiteClock "0:00:15"]
[BlackClock "0:00:16"]

1. Nf3 d5 2. g3 c5 3. Bg2 Nc6 4. d4 Nf6 5. O-O cxd4 6. Nxd4 e5 7. Nxc6 bxc6 8. c4 Be6 9. Qa4 Qd7 10. Nc3 Rc8 11. cxd5 cxd5 12. Qxd7+ Kxd7 13. Rd1 Rc5 14. Bg5 d4 15. e3 Rc4 16. exd4 exd4 17. Bxf6 gxf6 18. Nd5 Be7 19. b3 Rc6 20. Rxd4 Rd6 21. Rad1 Rc8 22. Nxf6+ Bxf6 23. Rxd6+ Ke7 24. Ra6 Rc7 25. Rc6 1-0


[Site "https://www.chess.com"]

[Event "Titled Tuesday Blitz January 31 Early 2023"]
[White "Hambleton, Aman"]
[Black "Buscar, Michael"]
[WhiteFideId "2606577"]
[BlackFideId "2603616"]
[WhiteElo "2420"]
[BlackElo "2041"]
[Result "1-0"]
[Round "01"]
[TimeControl "180+2"]
[Date "2023.01.31"]
[WhiteClock "0:00:03"]
[BlackClock "0:00:01"]

1. d4 d5 2. c4 e6 3. Nc3 c5 4. cxd5 exd5 5. Nf3 Nc6 6. g3 Nf6 7. Bg2 Be7 8. O-O O-O 9. Bg5 c4 10. b3 Qa5 11. Rc1 Ba3 12. Bxf6 Bxc1 13. Bxg7 Re8 14. Qxc1 Kxg7 15. Qg5+ Kf8 16. Nxd5 Re6 17. bxc4 h6 18. Qf4 Rb8 19. Bh3 Rg6 20. Nh4 Rg5 21. Bf5 Qd8 22. e3 b5 23. cxb5 Rxb5 24. Bxc8 Rbxd5 25. Bb7 1-0


[Site "https://www.chess.com"]

[Event "Titled Tuesday Blitz January 31 Early 2023"]
[White "Li, Hui"]
[Black "Mischuk, Dmitry"]
[WhiteFideId "15400310"]
[BlackFideId "14118734"]
[WhiteElo "1963"]
[BlackElo "2298"]
[Result "0-1"]
[Round "01"]
[TimeControl "180+2"]
[Date "2023.01.31"]
[WhiteClock "0:00:02"]
[BlackClock "0:00:22"]

1. e4 c5 2. Nf3 d6 3. d4 cxd4 4. Nxd4 Nf6 5. Nc3 g6 6. Be3 Bg7 7. f3 O-O 8. Qd2 Nc6 9. O-O-O d5 10. Kb1 Nxd4 11. e5 Nf5 12. exf6 exf6 13. Bc5 d4 14. Bxf8 Qxf8 15. Nb5 Ne3 16. Re1 f5 17. f4 Qc5 18. c3 Nxf1 19. Re8+ Bf8 20. Qxd4 Qxb5 21. Qd8 Nd2+ 22. Kc1 Qxe8 23. Qxe8 Ne4 24. Rd1 Nf6 25. Qd8 Kg7 26. g3 b6 27. Qc7 Be6 28. Rd8 Ne8 29. Qe5+ f6 30. Rxe8 Rxe8 31. Qc7+ Re7 32. Qc6 Bxa2 33. Qa4 Bf7 34. Qc6 h5 35. h3 Re6 36. Qc7 a5 37. g4 hxg4 38. hxg4 fxg4 39. c4 Bc5 40. f5 gxf5 41. Qf4 Kg6 42. Qb8 f4 43. Kc2 Be3 44. Qh8 g3 45. Qh3 Re5 46. Qg4+ Rg5 47. Qf3 Be6 48. Qe4+ Bf5 0-1


[Site "https://www.chess.com"]

[Event "Titled Tuesday Blitz January 31 Early 2023"]
[White "Rengifo Blancas, Renzo Jhonathan"]
[Black "Sattarov, Bobir"]
[WhiteFideId "3807185"]
[BlackFideId "14203081"]
[WhiteElo "2131"]
[BlackElo "2366"]
[Result "1-0"]
[Round "01"]
[TimeControl "180+2"]
[Date "2023.01.31"]
[WhiteClock "0:00:44"]
[BlackClock "0:00:51"]

1. d4 Nf6 2. c4 e6 3. Nc3 Bb4 4. Nf3 O-O 5. g3 d5 6. Bg2 dxc4 7. O-O a6 8. Ne5 c5 9. dxc5 Bxc5 10. Nxc4 Nc6 11. Be3 Bxe3 12. Nxe3 Qe7 13. Bxc6 bxc6 14. Qa4 Rb8 15. Rab1 c5 16. Rfc1 h5 17. a3 Bd7 18. Qxa6 h4 19. Qc4 hxg3 20. hxg3 Rfc8 21. Rd1 Bc6 22. Qf4 Ba8 23. Qd6 Qb7 24. f3 c4 25. Kf2 Qa7 26. Qd4 Qa6 27. Qd6 Rb6 28. Qe7 Rbb8 29. Rd6 Qa5 30. Rd4 Qg5 31. Rbd1 Ng4+ 32. Rxg4 Qxe7 33. Rgd4 Rd8 34. Nxc4 1-0


[Site "https://www.chess.com"]

[Event "Titled Tuesday Blitz January 31 Early 2023"]
[White "Pourkashiyan, Atousa"]
[Black "Ashraf, Artin"]
[WhiteFideId "12502014"]
[BlackFideId "22514805"]
[WhiteElo "2282"]
[BlackElo "2314"]
[Result "0-1"]
[Round "01"]
[TimeControl "180+2"]
[Date "2023.01.31"]
[WhiteClock "0:00:07"]
[BlackClock "0:00:11"]

1. e4 c5 2. Nf3 d6 3. d4 cxd4 4. Nxd4 Nf6 5. Nc3 a6 6. Be2 e5 7. Nb3 Be7 8. O-O O-O 9. Be3 Be6 10. Qd3 Nbd7 11. a4 Rc8 12. a5 Qc7 13. Rfd1 Rfd8 14. Bf3 Bc4 15. Qd2 h6 16. h3 Qc6 17. Rac1 Re8 18. Nd5 Bf8 19. Qb4 Bxd5 20. exd5 Qc7 21. c4 Nc5 22. Nxc5 dxc5 23. Qd2 Bd6 24. Qc2 e4 25. Bg4 Rcd8 26. Ra1 Qe7 27. b3 h5 28. Be2 h4 29. Kf1 Qe5 30. Bg4 Qh2 31. Ke2 Nxg4 32. hxg4 Qxg2 33. Rg1 Qf3+ 34. Kd2 h3 35. g5 h2 36. Rh1 Bf4 37. Qd1 Qxf2+ 38. Qe2 Bxe3+ 39. Kd1 Qxe2+ 40. Kxe2 Bd4 41. Rad1 Re5 42. Rxh2 Rxg5 43. Rh4 Rg2+ 44. Kf1 Rg1+ 45. Ke2 Rxd1 46. Kxd1 Re8 47. Ke2 f5 48. Rh5 g6 49. Rg5 Kg7 50. Rg2 Rh8 0-1


[Site "https://www.chess.com"]

[Event "Titled Tuesday Blitz January 31 Early 2023"]
[White "Avazkhonov, Alikhon"]
[Black "Wagh Suyog"]
[WhiteFideId "14208504"]
[BlackFideId "25071688"]
[WhiteElo "1538"]
[BlackElo "2313"]
[Result "0-1"]
[Round "01"]
[TimeControl "180+2"]
[Date "2023.01.31"]
[WhiteClock "0:00:03"]
[BlackClock "0:00:08"]

1. d4 Nf6 2. c4 e6 3. Nc3 Bb4 4. e3 c5 5. Bd3 O-O 6. Nf3 cxd4 7. exd4 d5 8. O-O dxc4 9. Bxc4 b6 10. a3 Be7 11. d5 exd5 12. Nxd5 Bb7 13. Nxe7+ Qxe7 14. b4 Rd8 15. Qb3 Bd5 16. Bb2 Bxc4 17. Qxc4 Nbd7 18. Rfe1 Qf8 19. Rad1 Rdc8 20. Qf4 Rc2 21. Ba1 Rac8 22. Ne5 Nxe5 23. Bxe5 Ne8 24. Qf5 R2c6 25. Rd7 Re6 26. h4 a5 27. bxa5 bxa5 28. Bc3 Rc5 29. Qh3 Nf6 30. Rxe6 Nxd7 31. Ra6 Qc8 32. Bxa5 Rc1+ 33. Kh2 Qxa6 34. Qxd7 Qa8 35. Bc7 h6 36. Bd8 Rc8 37. Qe8+ Kh7 38. Qxf7 Rxd8 39. h5 Kh8 40. g3 Qb8 41. a4 Rf8 42. Qa2 Qa7 43. Kg2 Qb7+ 44. Kg1 Qf7 45. a5 Qxa2 0-1


[Site "https://www.chess.com"]

[Event "Titled Tuesday Blitz January 31 Early 2023"]
[White "Grot, Blazej"]
[Black "Kozionov, Kirill"]
[WhiteFideId "21835845"]
[BlackFideId "24101729"]
[WhiteElo "1990"]
[BlackElo "2444"]
[Result "1-0"]
[Round "01"]
[TimeControl "180+2"]
[Date "2023.01.31"]
[WhiteClock "0:00:05"]
[BlackClock "0:00:05"]

1. e4 e5 2. Nf3 d6 3. d4 exd4 4. Qxd4 Nf6 5. Nc3 Be7 6. Bf4 O-O 7. O-O-O Nc6 8. Qe3 Ng4 9. Qd2 Bf6 10. Nd5 Re8 11. h3 Nge5 12. Nxe5 Nxe5 13. Be3 Nc6 14. Nxf6+ Qxf6 15. f3 Be6 16. Kb1 h6 17. g4 Qxf3 18. Bd3 Qf6 19. g5 hxg5 20. Bxg5 Qe5 21. Rhg1 Kf8 22. b3 a5 23. Qf2 a4 24. Qh4 f6 25. Bf4 Qc3 26. Qh7 Ke7 27. Bc4 axb3 28. cxb3 Rxa2 29. Rxg7+ Kd8 30. Kxa2 Qc2+ 31. Ka3 Qxd1 32. Kb2 Qd4+ 33. Ka2 Nb4+ 34. Kb1 Qd1+ 35. Kb2 Qc2+ 36. Ka3 Nc6 37. Bxe6 Qc5+ 38. Kb2 Qd4+ 39. Ka3 Qc5+ 40. Kb2 Qf2+ 41. Ka3 Qa7+ 42. Kb2 Ne5 43. Rd7+ Kc8 44. Rxc7+ Kb8 45. Bxe5 Qf2+ 46. Ka3 fxe5 47. Rxb7+ Ka8 48. Qc7 Qc5+ 49. Qxc5 dxc5 50. Bd5 Rc8 51. Rc7+ Kb8 52. Rxc8+ Kxc8 53. Ka4 Kd7 54. Kb5 Kd6 55. Kc4 1-0


[Site "https://www.chess.com"]

[Event "Titled Tuesday Blitz January 31 Early 2023"]
[White "Foerster-Yialamas, Lucas"]
[Black "Ioannidis, Evgenios"]
[WhiteFideId "30901774"]
[BlackFideId "4229274"]
[WhiteElo "2151"]
[BlackElo "2467"]
[Result "0-1"]
[Round "01"]
[TimeControl "180+2"]
[Date "2023.01.31"]
[WhiteClock "0:00:05"]
[BlackClock "0:00:16"]

1. e4 e6 2. d4 d5 3. Nc3 Nf6 4. e5 Nfd7 5. f4 c5 6. Nf3 Nc6 7. Be3 a6 8. Qd2 b5 9. dxc5 Bxc5 10. O-O-O Qa5 11. Kb1 O-O 12. Bxc5 Nxc5 13. Bd3 Bd7 14. Qf2 b4 15. Bxh7+ Kxh7 16. Ng5+ Kg8 17. Qh4 Rfb8 18. Qh7+ Kf8 19. Nxd5 exd5 20. Qh8+ Ke7 21. Qxg7 Be6 22. f5 Rg8 23. Qf6+ Kd7 24. fxe6+ fxe6 25. Qf7+ Ne7 26. Nh7 Qd8 27. Nf6+ Kc6 28. Nxg8 Nxg8 29. h4 Ne7 30. h5 Nf5 31. h6 Qg5 32. h7 Rh8 33. Qf6 Qxf6 34. exf6 Ng3 35. Rh3 Nge4 36. f7 Nd7 37. Rf1 Nf8 38. Rh5 Kd6 39. Rf3 Ke7 40. g4 Nf6 41. Rh6 N6xh7 42. Rfh3 Kxf7 43. g5 Kg7 44. g6 Nxg6 45. a3 Nhf8 46. Rxh8 Nxh8 47. Rg3+ Nhg6 48. axb4 Kf6 49. b3 Ke5 50. c4 Kf4 51. Rg1 d4 52. c5 Ne5 53. Rf1+ Nf3 54. c6 Ng6 55. Kc2 Ke3 56. Ra1 d3+ 57. Kd1 Nd4 58. c7 Ne7 59. Rxa6 d2 60. Rd6 e5 61. b5 Nxb5 62. Re6 Nc3+ 63. Kc2 d1=Q+ 64. Kxc3 Qc1+ 65. Kb4 Qxc7 66. Ka3 Qa7+ 67. Kb2 Nd5 68. Rxe5+ Kd4 69. Re2 Qa5 70. Rc2 Ne3 71. Rc1 Qd2+ 72. Kb1 Kd3 73. b4 Nd1 74. Rxd1 Qxd1+ 75. Kb2 Qa4 76. b5 Qb4+ 77. Ka2 Kc2 78. b6 Qa4# 0-1


[Site "https://www.chess.com"]

[Event "Titled Tuesday Blitz January 31 Early 2023"]
[White "Wieczorek, Oskar"]
[Black "Andreev, Konstantin"]
[WhiteFideId "1133950"]
[BlackFideId "24239305"]
[WhiteElo "2512"]
[BlackElo "2195"]
[Result "1-0"]
[Round "01"]
[TimeControl "180+2"]
[Date "2023.01.31"]
[WhiteClock "0:00:09"]
[BlackClock "0:00:18"]

1. e4 c5 2. Nf3 e6 3. g3 Nc6 4. Bg2 g6 5. O-O Bg7 6. c3 Nge7 7. d4 cxd4 8. cxd4 d6 9. Nc3 O-O 10. h4 h5 11. Bg5 a6 12. Re1 b5 13. d5 Ne5 14. Nxe5 Bxe5 15. Qd2 b4 16. Ne2 exd5 17. exd5 Ra7 18. Nd4 Qb6 19. Nc6 Nxc6 20. dxc6 Qc7 21. Rac1 Be6 22. Rxe5 dxe5 23. Bf6 Kh7 24. Qe3 Raa8 25. Bxe5 Qa5 26. Rc5 Qxa2 27. Bd4 Rae8 28. Kh2 Qb3 29. Rxh5+ gxh5 30. Qg5 f6 31. Be4+ Kh8 32. Qh6+ Kg8 33. Qh7# 1-0


[Site "https://www.chess.com"]

[Event "Titled Tuesday Blitz January 31 Early 2023"]
[White "Ramirez Vido, Robert Yorisan"]
[Black "Hasangatin, Ramil"]
[WhiteFideId "3513823"]
[BlackFideId "4122160"]
[WhiteElo "2015"]
[BlackElo "2457"]
[Result "0-1"]
[Round "01"]
[TimeControl "180+2"]
[Date "2023.01.31"]
[WhiteClock "0:00:07"]
[BlackClock "0:01:14"]

1. f4 d5 2. Nf3 g6 3. g3 Bg7 4. Bg2 c6 5. d3 Qb6 6. c3 h5 7. e4 Nf6 8. e5 Ng4 9. Qe2 Bf5 10. h3 Nh6 11. Na3 Qa6 12. d4 Qxe2+ 13. Kxe2 Be4 14. Kf2 Nd7 15. Ng5 Bxg2 16. Kxg2 Nf8 17. Re1 Kd7 18. Nc2 f6 19. exf6 exf6 20. Nf3 Nf5 21. Ne3 Nd6 22. Nd2 Re8 23. b3 Ne6 24. Ba3 Nb5 25. Bb2 Bh6 26. Nf3 Nd6 27. f5 Ng7 28. Bc1 Bxe3 29. Bxe3 Ngxf5 30. Bf4 Ne4 31. c4 g5 32. Bc1 Nexg3 33. cxd5 cxd5 34. Ba3 Ne4 35. Rac1 g4 36. hxg4 hxg4 37. Ng1 Nh4+ 38. Kf1 g3 0-1


[Site "https://www.chess.com"]